 Dungeon Crawl Stone Soup version 0.31-a0-1540-g5a0b83f448 (webtiles) character file.

Game seed: 838369791740872390

37508 MisterAzrael the Apostle (level 13, -6/183 HPs)
             Began as a Hill Orc Fighter on Jan 2, 2024.
             Was a High Priest of Beogh.
             Mangled by an orc high priest
             ... wielding a +0 trident
              (14 damage)
             ... on level 2 of the Orcish Mines.
             The game lasted 00:34:57 (15093 turns).

MisterAzrael the Apostle (Hill Orc Fighter)        Turns: 15093, Time: 00:34:58

Health: -6/183     AC: 26    Str: 29    XL:     13   Next: 97%
Magic:  23/23      EV:  2    Int: 12    God:    Beogh [*****.]
Gold:   1213       SH: 12    Dex:  9    Spells: 12/12 levels left

rFire   . . .        X - +2 Maxwell's thermic engine {flame, freeze, rev}
rCold   + . .        Z - +1 tower shield {rC+}
rNeg    . . .        g - melded +0 plate armour
rPois   +            m - melded +0 helmet of the Devil's Advocate {^Drain Str+5 Dex+5}
rElec   .            N - melded scarf {rC+ rF+}
rCorr   .            F - melded +2 pair of gloves {hurl}
SInv    .            h - melded +0 pair of boots
Will    +....        (no amulet)
Stlth   +            n - +4 ring of slaying
HPRegen 0.50/turn    E - +6 ring of strength
MPRegen 0.18/turn

%: random rage (3%)
@: tree-form, spiked, on berserk cooldown, slowed, very slow
A: stationary, stasis, torment immunity, boosted hp, walk on water, berserk 1,
clever 1, strong-willed 1, (shaggy fur 1)
a: Renounce Religion, Smiting, Recall Orcish Followers, Give Item to Named
Follower


You were on level 2 of the Orcish Mines.
You worshipped Beogh.
Beogh was extremely pleased with you.
You were a tree.
You visited 2 branches of the dungeon, and saw 15 of its levels.
You also visited: Sewer and Ice Cave.

You collected 2331 gold pieces.
You spent 1118 gold pieces at shops.

Inventory:

Hand Weapons
 a - the +2 morningstar "Jada" {heavy, Will+ rCorr MP+9}
   (You found it in an ice cave)

   Will+:     It increases your willpower.
   MP+9:      It affects your magic capacity (+9).
   rCorr:     It protects you from acid and corrosion.
 x - the +7 war axe "Seamutat" {flame, rPois rN+ Dex-3 SInv}
   (You acquired it on level 4 of the Dungeon)

   Dex-3:     It affects your dexterity (-3).
   rPois:     It protects you from poison rN+: It protects you from negative
   energy.
   SInv:      It lets you see invisible.
 X - the +2 Maxwell's thermic engine (weapon) {flame, freeze, rev}
   (You found it in an ice cave)
Missiles
 s - 53 poisoned darts
 H - 6 curare-tipped darts
Armour
 g - a +0 plate armour (melded)
 h - a +0 pair of boots (melded)
 m - the +0 helmet of the Devil's Advocate (melded) {^Drain Str+5 Dex+5}
   (You found it on level 13 of the Dungeon)

   Str+5:     It affects your strength (+5).
   Dex+5:     It affects your dexterity (+5).
   ^Drain:    It drains your maximum health when unequipped.
 F - a +2 pair of gloves of hurling (melded)
 N - a scarf of resistance (melded)
 S - a +1 hat
 Z - a +1 tower shield of cold resistance (worn)
Magical Staves
 q - the staff "Liysk" {rC+ Str+2 Tloc Ice}
   (You found it on level 6 of the Dungeon)

   [staff of cold]

   Base accuracy: +5 Base damage: 5 Base attack delay: 1.2 This weapon's minimum
   attack delay (0.6) is reached at skill level 12.
   Str+2:     It affects your strength (+2).
   rC+:       It protects you from cold.
   Tloc:      It increases the power of your Translocations spells.
   Ice:       It increases the power of your Ice spells.
   It falls into the 'Staves' category.
   It is a one-handed weapon.
Jewellery
 n - a +4 ring of slaying (left branch)
 E - a +6 ring of strength (right branch)
 M - a ring of see invisible
 U - a ring of flight
 W - an amulet of reflection
Wands
 b - a wand of digging (3)
 c - a wand of flame (8)
 r - a wand of acid (5)
 z - a wand of paralysis (21) (quivered)
 K - a wand of mindburst (3)
 O - a wand of iceblast (10)
 V - a wand of polymorph (6)
Scrolls
 d - 2 scrolls of silence
 j - 2 scrolls of identify
 k - 2 scrolls of fog
 l - a scroll of immolation
 p - a scroll of poison
 A - a scroll of amnesia
 C - a scroll of brand weapon
 R - a scroll of enchant weapon
Potions
 i - a potion of brilliance
 t - 2 potions of invisibility
 u - 3 potions of cancellation
 v - a potion of magic
 w - 2 potions of haste
 B - 2 potions of enlightenment
 G - a potion of lignification
 J - 3 potions of attraction
 P - 2 potions of degeneration {unknown}
Miscellaneous
 Y - a box of beasts


   Skills:
 * Level 13.3 Fighting
 * Level 6.0 Long Blades
 - Level 13.8 Axes
 - Level 8.1 Throwing
 - Level 11.2 Armour
 + Level 4.0 Shields
 - Level 14.2 Invocations
 + Level 3.7 Evocations


You had 12 spell levels left.
You didn't know any spells.
Your spell library contained the following spells:

 Spells                   Type           Power      Damage    Failure   Level
 Magic Dart               Conj           0%         1d3       80%         1
 Blink                    Tloc           0%         N/A       91%         2
 Call Imp                 Summ           0%         N/A       91%         2
 Sublimation of Blood     Necr           0%         N/A       91%         2
 Petrify                  Alch/Erth      0%         N/A       100%        4
 Alistair's Intoxication  Alch           0%         N/A       100%        5
 Borgnjor's Vile Clutch   Necr/Erth      0%         N/A       100%        5
 Irradiate                Conj/Alch      0%         3d11      100%        5
 Eringya's Noxious Bog    Alch           0%         4d6       100%        6
 Chain Lightning          Conj/Air       0%         N/A       100%        9
 Fire Storm               Conj/Fire      0%         5d1       100%        9
 Shatter                  Erth           0%         3d5*      100%        9


Dungeon Overview and Level Annotations

Branches:
Dungeon (13/15)            Temple (0/1) D:7            Lair (0/5) D:10
    Orc (2/2) D:11            Elf (0/3) Orc:2        Vaults (0/5) D:13
  Sewer (visited)           IceCv (visited)

Altars:
Fedhas
Qazlal
Uskayaw
Vehumet
Wu Jian
Xom
Zin
Beogh

Shops:
D:3 *   D:4 ?   D:6 [   D:7 *   D:9 :   Orc:2 *

Portals:
Trove: D:10 (give 2 scrolls of acquirement)

Annotations:
D:3 2 transporters, Pokonic1's ghost, amateur GrFi
D:13 4 runed translucent doors, exclusion: orange crystal statue


Innate Abilities, Weirdness & Mutations

You are a tree.
Your roots penetrate the ground, keeping you stationary.
You cannot be teleported.
You are immune to unholy pain and torment.
Your maximum health is greatly increased.
Your equipment is partially melded.
You can walk on water.
You sometimes lose your temper in combat.
Your mind is acute. (Int +4, Str/Dex -1)
You are strong-willed. (Will+)
((You are covered in fur. (AC +1)))


Message History

* * * LOW HITPOINT WARNING * * *
The orc priest calls down the wrath of Beogh upon you.
Beogh smites you!
* * * LOW HITPOINT WARNING * * *
The orc high priest hits you but does no damage.
Your orc knight hits the orc sorcerer with a +0 war axe.
Your orc knight hits the orc knight with a +0 war axe!
Your orc knight hits the ice devil but does no damage.
The +7 war axe "Seamutat" {flame, rPois rN+ Dex-3 SInv} stops flaming.
The engine hums to life!
X - the +2 Maxwell's thermic engine (weapon)
{flame, freeze, rev} The kobold blastminer hits you but does no damage.
The orc sorcerer casts a spell.
You block the red devil's attack.
The orc knight hits your orc knight with a +0 battleaxe!
You hit the ice devil but do no damage.
The ice devil is moderately wounded.
The orc high priest no longer looks unusually strong.
You block the ice devil's attack.
The orc high priest hits you from afar with a +0 trident.
* * * LOW HITPOINT WARNING * * *
Your orc knight hits the orc knight with a +0 war axe.
Your orc knight hits the orc sorcerer with a +0 war axe.
Your orc knight hits the ice devil with a +0 war axe!
The orc sorcerer points at you and mumbles some strange words.
The bolt of negative energy hits the ice devil.
The ice devil completely resists.
The bolt of negative energy hits you but does no damage.
You block the kobold blastminer's attack.
The red devil hits you from afar with a +0 trident!
* * * LOW HITPOINT WARNING * * *
Barbed spikes become lodged in your body.
You block the red devil's attack.
The orc knight roars a battlecry!
The orcs go into a battle-frenzy!
The ice devil hits your orc knight. The ice devil freezes your orc knight!!
Your orc knight dies!
The orc high priest hits you from afar with a +0 trident!
You die...
Beogh appreciates the orc high priest's killing of a heretic priest.

#o#.....##.##o.......
#.#...###..##...###..
#K######)o###o### .
...####.####.o)## #o..##
#....K...oo)### #o...#
######.###### #....##
########.###########.....#
##........ooo)...........##
#..........4o4♣...#)...#.##
##..........4K3...........#
##.........o4...........##
##.....................#
#.................#...###
###....^...........#......##
##o..................#.#....#
##..oo.......).......#...##.##
#....................##.## ##


You could see an orc knight (strong), an orc high priest (strong), an ice devil
(summoned, unaware), a rust devil (summoned), a kobold blastminer, a ynoxinul
(summoned), an orc sorcerer (strong), 2 red devils, an orc priest (strong) and
an orc wizard (strong).

Vanquished Creatures
  A vault guard (D:13)
  Erolcha (D:12)
  A hydra (D:10)
  A centaur warrior (D:9)
  A boulder beetle (D:11)
  2 ironbound frosthearts (IceCv)
  4 two-headed ogres
  3 death yaks (IceCv)
  An orc knight (Orc:2)
  3 arcanists (D:13)
  An orc sorcerer (Orc:2)
  Maurice (D:11)
  A cyclops (D:12)
  A manticore (D:10)
  3 gargoyles
  An ice statue (IceCv)
  A rime drake (IceCv)
  2 kobold demonologists
  7 trolls
  A hornet (D:10)
  7 polar bears (IceCv)
  Prince Ribbit (D:5)
  3 slime creatures (D:12)
  3 wyverns
  2 shadows
  38 yaks
  Eustachio (D:4)
  15 humans (D:13)
  2 vampire mosquitoes
  2 steam dragons
  Edmund (D:6)
  A water moccasin (D:7)
  5 orc warriors
  2 ice beasts
  5 ogres
  2 black bears
  14 wolves (IceCv)
  5 centaurs
  A phantom (D:5)
  5 kobold brigands
  Blork the orc (D:6)
  3 bullfrogs
  2 gnoll sergeants
  A two-headed ogre simulacrum (D:12)
  7 scorpions
  8 wights
  2 elephant simulacra (D:12)
  6 electric eels (D:6)
  4 howler monkeys
  6 jellies
  2 bombardier beetles
  7 orc priests
  7 hounds
  2 gnoll boudas (D:10)
  2 iguanas
  A sleepcap (D:6)
  18 orc wizards
  A spriggan simulacrum (D:12)
  A wolf simulacrum (D:12)
  18 gnolls
  9 adders
  6 river rats (Sewer)
  A naga simulacrum (D:12)
  A white imp (D:5)
  2 dart slugs (D:5)
  7 ribbon worms
  26 orcs
  4 bats
  6 endoplasms
  7 giant cockroaches
  7 hobgoblins
  31 kobolds
  2 quokkas (D:4)
  8 ball pythons
  3 frilled lizards
  5 goblins
  24 rats
400 creatures vanquished.

Vanquished Creatures (collateral kills)
  Snorg (D:12)
  A two-headed ogre (D:11)
  2 orc high priests (Orc:2)
  A necromancer (D:13)
  An orc knight (Orc:2)
  A deep elf archer (D:13)
  An orc sorcerer (Orc:2)
  A kobold blastminer (Orc:2)
  A gargoyle (D:12)
  5 slime creatures (D:12)
  5 humans (D:13)
  2 vampire mosquitoes (D:13)
  An orc warrior (Orc:2)
  2 ogres (Orc:2)
  A gnoll sergeant (D:12)
  An orc priest (D:11)
  An orc wizard (Orc:2)
  A wolf simulacrum (D:12)
  A gnoll (D:12)
  A naga simulacrum (D:12)
  4 orcs
  A kobold (D:11)
36 creatures vanquished.

Vanquished Creatures (others)
  5 orc knights
  3 orc warriors (Orc:2)
  7 orc wizards
  7 orc priests
  18 orcs
40 creatures vanquished.

Grand Total: 476 creatures vanquished

Notes
Turn   | Place    | Note
-------+----------+-------------------------------------------
     0 | D:1      | MisterAzrael the Hill Orc Fighter began the quest for the
                  | Orb.
     0 | D:1      | Reached XP level 1. HP: 19/19 MP: 1/1
   222 | D:1      | Reached XP level 2. HP: 24/27 MP: 2/2
   630 | D:2      | Found a shimmering altar of Xom.
   768 | D:2      | Reached skill level 5 in Fighting
   768 | D:2      | Reached XP level 3. HP: 22/36 MP: 3/3
   857 | D:2      | Reached XP level 4. HP: 18/44 MP: 4/4
  1465 | D:3      | Found a transporter.
  1477 | D:3      | Found a transporter.
  1477 | D:3      | Noticed Pokonic1's ghost (amateur GrFi)
  1559 | D:3      | Found an ornate altar of the Wu Jian Council.
  2249 | D:3      | Found Noggych's General Store.
  2364 | D:4      | Reached XP level 5. HP: 49/52 MP: 5/5
  2368 | D:5      | Entered Level 5 of the Dungeon
  2393 | D:4      | Reached XP level 6. HP: 58/61 MP: 6/6
  2695 | D:4      | Reached XP level 7. HP: 43/69 MP: 7/7
  2888 | D:4      | Found a glowing drain.
  2906 | Sewer    | Entered a sewer
  2987 | Sewer    | Reached skill level 5 in Armour
  3573 | Sewer    | Identified a scroll of acquirement
  3577 | Sewer    | Acquired 682 gold pieces
  3747 | D:4      | Found Nocum's Magic Scroll Shop.
  3754 | D:4      | Bought a scroll of acquirement for 676 gold pieces
  3754 | D:4      | Acquired the +7 war axe "Seamutat" {flame, rPois rN+ Dex-3
                  | SInv}
  3784 | D:4      | Reached skill level 5 in Axes
  3784 | D:4      | Reached XP level 8. HP: 78/78 MP: 8/8
  3862 | D:4      | Noticed Eustachio
  3869 | D:4      | Killed Eustachio
  4090 | D:5      | Noticed Prince Ribbit
  4099 | D:5      | Killed Prince Ribbit
  4115 | D:5      | Became a worshipper of Beogh the Brigand
  4350 | D:5      | Reached skill level 10 in Fighting
  4467 | D:5      | Reached skill level 1 in Invocations
  4467 | D:5      | Reached XP level 9. HP: 61/85 MP: 9/9
  4469 | D:5      | Reached skill level 2 in Invocations
  4994 | D:6      | Reached skill level 3 in Invocations
  5030 | D:6      | Noticed Edmund
  5163 | D:6      | Identified the staff "Liysk" {rC+ Str+2 Tloc Ice}
  5190 | D:6      | Noticed Blork the orc
  5199 | D:6      | Killed Blork the orc
  5288 | D:6      | Reached * piety under Beogh
  5313 | D:6      | Found Foehutro's Armour Emporium.
  5372 | D:6      | Reached skill level 4 in Invocations
  5405 | D:6      | Found a stormy altar of Qazlal.
  5608 | D:6      | Reached skill level 5 in Invocations
  5935 | D:6      | Killed Edmund
  6019 | D:6      | Found a glowing silver altar of Zin.
  6093 | D:6      | Reached skill level 10 in Axes
  6205 | D:7      | Found a blossoming altar of Fedhas.
  6217 | D:7      | Noticed a two-headed ogre
  6257 | D:7      | Found a radiant altar of Vehumet.
  6268 | D:7      | Killed a two-headed ogre
  6269 | D:7      | Reached skill level 6 in Invocations
  6269 | D:7      | Reached XP level 10. HP: 34/94 MP: 13/15
  6448 | D:7      | Reached skill level 7 in Invocations
  6484 | D:7      | Found a staircase to the Ecumenical Temple.
  6515 | D:7      | Reached ** piety under Beogh
  6570 | D:7      | Found Hiad's General Store.
  6610 | D:7      | Found a hide-covered altar of Uskayaw.
  7530 | D:9      | Reached skill level 8 in Invocations
  7642 | D:9      | Noticed a two-headed ogre
  7649 | D:9      | Killed a two-headed ogre
  7650 | D:9      | Reached skill level 1 in Throwing
  7674 | D:9      | Reached skill level 9 in Invocations
  7765 | D:9      | Noticed a centaur warrior
  7768 | D:9      | Reached XP level 11. HP: 80/102 MP: 17/17
  7777 | D:9      | Killed a centaur warrior
  7933 | D:3      | Bought a +2 pair of gloves of hurling for 258 gold pieces
  7933 | D:3      | Bought a wand of mindburst (11) for 184 gold pieces
  8051 | D:9      | Found Foleteism's Book Shoppe.
  8203 | D:9      | Reached skill level 10 in Invocations
  8768 | D:10     | Entered Level 10 of the Dungeon
  8994 | D:10     | Noticed a five-headed hydra
  9003 | D:10     | Killed a one-headed hydra
  9064 | D:10     | Noticed a manticore
  9069 | D:10     | Killed a manticore
  9070 | D:10     | Reached skill level 5 in Throwing
  9219 | D:10     | Paralysed by a hornet for 2 turns
  9223 | D:10     | Reached skill level 11 in Invocations
  9295 | D:10     | Found a staircase to the Lair.
  9296 | D:10     | Identified the +5 spear of Evolution {flame, rF+ rN++ Int-2
                  | Dex+3}
  9349 | D:10     | Found a portal to a secret trove of treasure.
  9429 | D:10     | Found a shimmering altar of Xom.
  9512 | D:10     | Reached *** piety under Beogh
  9921 | D:11     | Noticed a boulder beetle
  9926 | D:11     | Killed a boulder beetle
  9933 | D:11     | Found a staircase to the Orcish Mines.
 10031 | D:11     | Found a roughly hewn altar of Beogh.
 10121 | D:11     | Noticed a two-headed ogre
 10128 | D:11     | Killed a two-headed ogre
 10132 | D:11     | Identified the +0 plate armour "Focev" {Will- MP+9 Str+2
                  | SInv}
 10322 | D:11     | Noticed a two-headed ogre
 10326 | D:11     | Killed a two-headed ogre
 10327 | D:11     | Reached XP level 12. HP: 94/110 MP: 20/20
 10512 | D:11     | Found an ornate altar of the Wu Jian Council.
 10512 | D:11     | Noticed Maurice
 10534 | D:11     | Maurice stole the staff "Liysk" {rC+ Str+2 Tloc Ice}
 10535 | D:11     | Killed Maurice
 10536 | D:11     | Reached skill level 12 in Invocations
 11140 | D:12     | Gained Arbolt as an ally
 11142 | D:12     | Found a frozen archway.
 11263 | D:12     | Gained mutation: Your magical capacity is low. (-10% MP)
                  | [potion of mutation]
 11263 | D:12     | Gained mutation: You are occasionally teleported next to
                  | monsters. [potion of mutation]
 11263 | D:12     | Gained mutation: You are vulnerable to heat. (rF-) [potion
                  | of mutation]
 11263 | D:12     | Gained mutation: You have large cloven feet. [potion of
                  | mutation]
 11264 | D:12     | Lost mutation: You are occasionally teleported next to
                  | monsters. [potion of mutation]
 11264 | D:12     | Lost mutation: You are vulnerable to heat. (rF-) [potion of
                  | mutation]
 11264 | D:12     | Lost mutation: Your magical capacity is low. (-10% MP)
                  | [potion of mutation]
 11264 | D:12     | Gained mutation: Your muscles are strong. (Str +4, Int/Dex
                  | -1) [potion of mutation]
 11264 | D:12     | Gained mutation: You have sharp fingernails. [potion of
                  | mutation]
 11264 | D:12     | Gained mutation: You have supernaturally acute eyesight.
                  | (SInv) [potion of mutation]
 11264 | D:12     | Gained mutation: You have a pair of small antennae on your
                  | head. [potion of mutation]
 11265 | D:12     | Lost mutation: You have supernaturally acute eyesight.
                  | (SInv) [potion of mutation]
 11265 | D:12     | Lost mutation: You have a pair of small antennae on your
                  | head. [potion of mutation]
 11265 | D:12     | Lost mutation: Your muscles are strong. (Str +4, Int/Dex
                  | -1) [potion of mutation]
 11265 | D:12     | Gained mutation: You sometimes lose your temper in combat.
                  | [potion of mutation]
 11265 | D:12     | Gained mutation: You are agile. (Dex +4, Str/Int -1)
                  | [potion of mutation]
 11266 | D:12     | Lost mutation: You have large cloven feet. [potion of
                  | mutation]
 11266 | D:12     | Lost mutation: You have sharp fingernails. [potion of
                  | mutation]
 11266 | D:12     | Lost mutation: You sometimes lose your temper in combat.
                  | [potion of mutation]
 11266 | D:12     | Gained mutation: You have supernaturally acute eyesight.
                  | (SInv) [potion of mutation]
 11267 | D:12     | Lost mutation: You have supernaturally acute eyesight.
                  | (SInv) [potion of mutation]
 11267 | D:12     | Lost mutation: You are agile. (Dex +4, Str/Int -1) [potion
                  | of mutation]
 11267 | D:12     | Gained mutation: You are weak. (Str -2) [potion of
                  | mutation]
 11267 | D:12     | Gained mutation: Your flesh is cold resistant. (rC+)
                  | [potion of mutation]
 11267 | D:12     | Gained mutation: You have a somewhat thin skeletal
                  | structure. (Dex +2, Stealth+) [potion of mutation]
 11269 | IceCv    | Entered an ice cave
 11339 | IceCv    | Reached skill level 10 in Armour
 11519 | IceCv    | Reached skill level 13 in Invocations
 11565 | IceCv    | Reached **** piety under Beogh
 11746 | IceCv    | Noticed a death yak
 11782 | IceCv    | Killed a death yak
 11831 | IceCv    | Noticed an ironbound frostheart
 11831 | IceCv    | Noticed an ironbound frostheart
 11831 | IceCv    | Noticed a death yak
 11832 | IceCv    | Noticed a death yak
 11849 | IceCv    | Killed a death yak
 11860 | IceCv    | Killed a death yak
 11865 | IceCv    | Reached XP level 13. HP: 76/116 MP: 23/23
 11873 | IceCv    | Reached skill level 14 in Invocations
 12296 | IceCv    | Found the +2 Maxwell's thermic engine {flame, freeze, rev}
 12313 | IceCv    | Identified the +2 morningstar "Jada" {heavy, Will+ rCorr
                  | MP+9}
 12551 | D:12     | Reached skill level 1 in Long Blades
 12551 | D:12     | Reached skill level 1 in Evocations
 12842 | D:12     | Noticed Erolcha
 12848 | D:12     | Killed Erolcha
 12900 | D:12     | Noticed Snorg
 12907 | D:12     | Killed Snorg
 13729 | D:13     | Found a runed translucent door.
 13936 | D:13     | Found a runed translucent door.
 13955 | D:13     | Found a runed translucent door.
 13970 | D:13     | Found a runed translucent door.
 13992 | D:13     | Identified the +0 helmet of the Devil's Advocate {^Drain
                  | Str+5 Dex+5}
 14073 | D:13     | Lost mutation: You have a somewhat thin skeletal structure.
                  | (Dex +2, Stealth+) [potion of mutation]
 14073 | D:13     | Lost mutation: Your flesh is cold resistant. (rC+) [potion
                  | of mutation]
 14073 | D:13     | Gained mutation: You are somewhat resistant to further
                  | mutation. [potion of mutation]
 14074 | D:13     | Lost mutation: You are somewhat resistant to further
                  | mutation. [potion of mutation]
 14074 | D:13     | Lost mutation: You are weak. (Str -2) [potion of mutation]
 14074 | D:13     | Gained mutation: You do not regenerate when monsters are
                  | visible. [potion of mutation]
 14074 | D:13     | Gained mutation: You have large cloven feet. [potion of
                  | mutation]
 14075 | D:13     | Lost mutation: You have large cloven feet. [potion of
                  | mutation]
 14075 | D:13     | Lost mutation: You do not regenerate when monsters are
                  | visible. [potion of mutation]
 14075 | D:13     | Gained mutation: You are covered in fur. (AC +1) [potion of
                  | mutation]
 14075 | D:13     | Gained mutation: You are strong-willed. (Will+) [potion of
                  | mutation]
 14075 | D:13     | Gained mutation: You sometimes lose your temper in combat.
                  | [potion of mutation]
 14075 | D:13     | Gained mutation: Your mind is acute. (Int +4, Str/Dex -1)
                  | [potion of mutation]
 14216 | D:13     | Found a gate to the Vaults.
 14216 | D:13     | Noticed a vault guard
 14219 | D:13     | Reached ***** piety under Beogh
 14226 | D:13     | Your ally Arbolt died
 14410 | D:13     | Killed a vault guard
 14437 | D:13     | Reached skill level 5 in Long Blades
 14529 | Orc:1    | Entered Level 1 of the Orcish Mines
 14632 | Orc:2    | Entered Level 2 of the Orcish Mines
 14693 | Orc:2    | Found a staircase to the Elven Halls.
 14949 | Orc:2    | Found a roughly hewn altar of Beogh.
 15024 | Orc:2    | Found Gusulef's General Store.
 15032 | Orc:2    | Gained Grimold as an ally
 15040 | Orc:2    | Your ally Grimold died
 15059 | Orc:2    | Gained Marbaugh as an ally
 15089 | Orc:2    | Your ally Marbaugh died
 15093 | Orc:2    | HP: 8/183 [red devil/+0 trident[an orc high priest] (7)]
 15093 | Orc:2    | Mangled by an orc high priest

Illustrated notes

Levels and vault maps discovered:
D:1:      roderic_crossed_star, layout_basic, serial_bayou_pond_a
D:2:      layout_basic, basic_altar
D:3:      layout_loops_corners, overflow_temple_1_default,
          gammafunk_ghost_arena, serial_shops, shop
D:4:      cheibrodos_helix_gallery, layout_gridville, gup_sewer_entry_bubbles,
          serial_shops, nicolae_shop_pleasant_corner_grove, uniq_eustachio
D:5:      layout_cave_pools, enter_ossuary_3,
          serial_library_hellmonk_filled_rooms, grunt_ministairs_3,
          uniq_prince_ribbit1
D:6:      layout_cave_pools, lemuel_doored_altar, mainiacjoe_overflow_brackets,
          serial_shops, shop, grunt_ministairs_9, kennysheep_boxes, uniq_edmund,
          uniq_blork_the_orc
D:7:      layout_basic, mainiacjoe_overflow_surrounded_room, fedhas_altar_3,
          mainiacjoe_overflow_tiny_flanked, minmay_temple_entry_slanted,
          serial_shops, nicolae_shop_behind_doors
D:8:      layout_basic
D:9:      layout_basic, serial_shops, nicolae_shop_behind_doors,
          grunt_decor_clamped, serial_bayou_lagoon_a
D:10:     minmay_ornate_pinched, layout_loops_ring, marbit_many_paths,
          nicolae_trove_entry_crossroad
D:11:     layout_long_grid, minmay_orc_entry_temple_small,
          nzn_wu_jian_contemplation, uniq_maurice
D:12:     layout_stronghold, portal_ice_cave_entry_ice_simulacra,
          gauntlet_entry_generic, uniq_snorg, uniq_erolcha
D:13:     layout_rooms, grunt_vaults_entry_tiered, minmay_statue_crystal_thing
Orc:1:    layout_diamond_mine
Orc:2:    st_orc_elflike, layout_caves, basic_altar

Skill      XL: |  1  2  3  4  5  6  7  8  9 10 11 12 13 |
---------------+----------------------------------------+-----
Fighting       | 4 5 7 8 9 10 11 13 | 13.3
Armour         | 4 5 6 7 8 9 10 11 | 11.2
Axes           | 5 8 10 11 12 13 | 13.8
Invocations    | 1 6 9 11 13 14 | 14.2
Throwing       | 2 6 8 |  8.1
Long Blades    | 6 |  6.0
Evocations     | 3 |  3.7
Shields        | 4 |  4.0

Action                     |  1- 3 |  4- 6 |  7- 9 | 10-12 | 13-15 || total
---------------------------+-------+-------+-------+-------+-------++-------
  Melee: War axe           |    93 |    75 |   227 |   412 |   136 ||   943
         Double sword      |       |       |       |       |     1 ||     1
 Invoke: Convert to Beogh  |       |       |     1 |       |       ||     1
         Smiting           |       |       |       |     8 |     2 ||    10
         Recall Orcish Fol |       |       |       |       |     1 ||     1
  Evoke: Wand              |       |       |     1 |     5 |     9 ||    15
    Use: Scroll            |       |     5 |     8 |     1 |    17 ||    31
         Potion            |       |       |     5 |     6 |    11 ||    22
   Stab: Paralysed         |       |       |       |     1 |     3 ||     4
         Distracted        |       |       |       |       |     2 ||     2
 Armour: Scale mail        |    67 |    11 |       |       |       ||    78
         Chain mail        |       |    41 |   234 |    21 |       ||   296
         Plate armour      |       |       |       |   342 |   123 ||   465
         Skin              |       |       |       |       |    17 ||    17
         Troll leather arm |       |       |       |       |     3 ||     3
  Dodge: Dodged            |    54 |    33 |   123 |   122 |    19 ||   351
  Block: Buckler           |    20 |    21 |    45 |    67 |     3 ||   156
         Tower shield      |       |       |       |       |    87 ||    87

Table legend: (Time is in decaauts)
 A = Elapsed time spent in this place.
 B = Non-inter-level travel time spent in this place.
 C = Inter-level travel time spent in this place.
 D = Time resting spent in this place.
 E = Time spent auto-exploring this place.
 F = Levels seen in this place.
 G = Mean time per level.
                   A        B        C        D        E       F      G
               +--------+--------+--------+--------+--------+-----+--------+
         Total |  15270 |  14697 |    573 |   2527 |   9044 |  17 |  898.2 |
       Dungeon |  12835 |  12262 |    573 |   2036 |   7858 |  13 |  987.3 |
  Orcish Mines |    565 |    565 |      0 |     12 |    389 |   2 |  282.5 |
         Sewer |    716 |    716 |      0 |      0 |    516 |   1 |  716.0 |
      Ice Cave |   1153 |   1153 |      0 |    478 |    281 |   1 | 1153.0 |
               +--------+--------+--------+--------+--------+-----+--------+

Top non-repeatable levels by time:
    D:12: 1494 daAuts
     D:6: 1444 daAuts
    D:11: 1179 daAuts
   IceCv: 1153 daAuts
    D:10: 1138 daAuts
     D:9: 1124 daAuts
     D:4: 1053 daAuts
     D:3: 961 daAuts
     D:2: 934 daAuts
     D:5: 817 daAuts
    D:13: 773 daAuts
   Sewer: 716 daAuts
     D:7: 711 daAuts
     D:8: 658 daAuts
     D:1: 543 daAuts
